 Dungeon Crawl Stone Soup version 0.22.0-75-g3901e79 (webtiles) character file.

1304 Fang the Chopper (level 8, -1/76 HPs)
             Began as a Gargoyle Berserker on Sept 8, 2018.
             Was a Priest of Trog.
             Slain by an orc warrior
             ... wielding a +0 trident
              (3 damage)
             ... on level 6 of the Dungeon on Sept 11, 2018.
             The game lasted 00:07:16 (5830 turns).

Fang the Chopper (Gargoyle Berserker)               Turns: 5830, Time: 00:07:18

Health: -1/76      AC: 10    Str: 32    XL:     8   Next: 57%
Magic:  8/8        EV: 12    Int:  9    God:    Trog [***...]
Gold:   230        SH:  0    Dex:  9    Spells: 7/7 levels left

rFire    . . .     SeeInvis .   a - +0 hand axe
rCold    . . .     Gourm    .   (no shield)
rNeg     + . .     Faith    .   o - +3 ring mail
rPois    ∞         Spirit   .   (no helmet)
rElec    +         Reflect  .   (no cloak)
rCorr    .         Harm     .   (no gloves)
MR       .....                  (no boots)
Stlth    ..........             (no amulet)
HPRegen  0.22/turn              k - +5 ring of strength
MPRegen  0.11/turn              (no ring)

@: berserking (expiring), marked, corroded, very quick
A: negative energy resistance 1, electricity resistance, unbreathing,
petrification resistance, rot immunity, AC +5
a: Berserk, Trog's Hand, Renounce Religion


You were on level 6 of the Dungeon.
You worshipped Trog.
Trog was most pleased with you.
You were very hungry.

You visited 1 branch of the dungeon, and saw 6 of its levels.

You collected 230 gold pieces.

Inventory:

Hand Weapons
 a - a +0 hand axe (weapon)
Armour
 o - a +3 ring mail (worn)
Jewellery
 k - a +5 ring of strength (left hand)
Wands
 q - a wand of disintegration (18)
 r - a wand of flame (14)
Scrolls
 d - 2 scrolls of remove curse {unknown}
 e - 3 scrolls of teleportation {unknown}
 j - 2 scrolls of identify {unknown}
 m - a scroll of enchant armour {unknown}
 t - a scroll of magic mapping {unknown}
 u - a scroll of fog {unknown}
 v - a scroll of amnesia {unknown}
Potions
 b - 3 potions of cancellation {unknown}
 f - 3 potions of curing {unknown}
 g - 2 potions of heal wounds
 h - a potion of lignification {unknown}
 i - a potion of haste {unknown}
 l - a potion of might {unknown}
 n - 2 potions of degeneration {unknown}
 p - a potion of agility {unknown}
 s - a potion of magic {unknown}
Comestibles
 c - 7 rations
 w - 2 chunks of flesh


   Skills:
 + Level 5.7 Fighting
 + Level 6.9 Axes
 + Level 4.3 Armour
 + Level 3.7 Dodging
 + Level 2.6 Stealth


You had 7 spell levels left.
You didn't know any spells.
Your spell library was empty.

Dungeon Overview and Level Annotations

Branches:
Dungeon (6/15)
 Temple: D:4-7

Altars:
Hepliaklqana
Kikubaaqudgha


Innate Abilities, Weirdness & Mutations

You are resistant to torment.
Your stone body is resilient. (AC +5)
You are immune to poison.
You resist negative energy. (rN+)
You are resistant to electric shocks. (rElec)
You can survive without breathing.
You are immune to petrification.
You are immune to rotting.


Message History

You hit the crimson imp.
A shadow imp comes into view.
Unknown command.
You barely miss the orc warrior.
The orc warrior is heavily wounded.
You slash the crimson imp!
You kill the crimson imp!
Trog accepts your kill.
You hit the jelly.
Your hands burn!
* * * LOW HITPOINT WARNING * * *
The jelly closely misses you.
The orc warrior hits you with a trident!
* * * LOW HITPOINT WARNING * * *
You hit the orc warrior but do no damage.
The orc warrior is heavily wounded.
You slash the jelly!
You kill the jelly!
Trog accepts your kill.
The orc warrior hits you with a trident.
You die...

### .# ##.## .#
#####)..##.###.
#'...@o....5...
.....###))..#.###.
⌠.. ##.#.#.# )
###.#.# #....#
##.#####.#
#.......#
#.####### #<#


You could see an orc warrior and a shadow imp.

Vanquished Creatures
  A phantom (D:5)
  3 ogres
  A centaur (D:4)
  A bullfrog (D:6)
  A howler monkey (D:5)
  A crimson imp (D:6)
  A hound (D:4)
  A jelly (D:6)
  A bullfrog skeleton (D:5)
  2 orc priests (D:6)
  5 orc wizards
  Crazy Yiuf (D:4)
  Ijyb (D:4)
  2 iguanas (D:4)
  A worker ant (D:5)
  Natasha (thrice) (D:4)
  4 gnolls (D:5)
  8 adders
  2 oozes
  2 worms
  3 dart slugs
  6 leopard geckos
  18 orcs
  8 giant cockroaches
  6 goblins
  13 hobgoblins
  2 jackals (D:4)
  5 quokkas
  7 bats
  4 frilled lizards
  10 kobolds
  5 rats
129 creatures vanquished.

Notes
Turn   | Place    | Note
-------+----------+-------------------------------------------
     0 | D:1      | Fang the Gargoyle Berserker began the quest for the Orb.
     0 | D:1      | Reached XP level 1. HP: 14/14 MP: 1/1
    72 | D:1      | Reached XP level 2. HP: 13/19 MP: 2/2
   343 | D:1      | Reached skill level 3 in Axes
   485 | D:1      | Reached ** piety under Trog
   485 | D:1      | Reached XP level 3. HP: 20/24 MP: 3/3
  1189 | D:2      | Found an ancient bone altar of Kikubaaqudgha.
  1379 | D:2      | Reached XP level 4. HP: 29/29 MP: 4/4
  1461 | D:2      | Found a hazy altar of Hepliaklqana.
  1812 | D:3      | Reached skill level 4 in Axes
  1979 | D:3      | Reached XP level 5. HP: 32/33 MP: 5/5
  1983 | D:3      | Reached skill level 1 in Stealth
  1983 | D:3      | Reached *** piety under Trog
  2020 | D:3      | Upgraded the game from 0.22.0-49-gab54619 to
                  | 0.22.0-75-g3901e79
  2365 | D:3      | Reached XP level 6. HP: 22/39 MP: 6/6
  3071 | D:4      | Reached skill level 5 in Axes
  3242 | D:4      | Noticed Natasha
  3262 | D:4      | Killed Natasha
  3379 | D:4      | Noticed Ijyb
  3394 | D:4      | Killed Ijyb
  3604 | D:4      | Reached XP level 7. HP: 15/44 MP: 7/7
  3621 | D:4      | Noticed Natasha
  3645 | D:4      | Killed Natasha
  3795 | D:4      | Noticed Natasha
  3807 | D:4      | Killed Natasha
  3807 | D:4      | Reached skill level 5 in Fighting
  4059 | D:4      | Found a runed door.
  4533 | D:4      | Noticed Crazy Yiuf
  4541 | D:4      | Killed Crazy Yiuf
  4632 | D:5      | Entered Level 5 of the Dungeon
  4723 | D:5      | Reached skill level 6 in Axes
  5015 | D:5      | Reached XP level 8. HP: 33/49 MP: 8/8
  5829 | D:6      | HP: 2/76 [orc warrior/trident (14)]
  5830 | D:6      | Slain by an orc warrior

Skill      XL: |  1  2  3  4  5  6  7  8 |
---------------+-------------------------+-----
Axes           | 3 4 5 6 |  6.9
Fighting       | 4 5 |  5.7
Dodging        | 2 3 |  3.7
Stealth        | 1 2 |  2.6
Armour         | 3 4 |  4.3

Action                   |  1- 3 |  4- 6 |  7- 9 || total
-------------------------+-------+-------+-------++-------
Melee: Hand axe          |    97 |   186 |   210 ||   493
Invok: Berserk           |     1 |     4 |     4 ||     9
       Trog's Hand       |       |       |     2 ||     2
 Stab: Sleeping          |       |     1 |     2 ||     3
  Eat: Chunk             |     2 |     8 |     7 ||    17
       Ration            |       |     1 |     1 ||     2
Armor: Animal skin       |    35 |    48 |       ||    83
       Ring mail         |       |    30 |    89 ||   119
Dodge: Dodged            |    66 |   122 |   143 ||   331
